 Dungeon Crawl Stone Soup version 0.21.1-1-g345015f (webtiles) character file.

90 nicolaieve the Chopper (level 4, -3/39 HPs)
             Began as a Minotaur Berserker on June 21, 2018.
             Was a Believer of Trog.
             Slain by a gnoll
             ... wielding a +1 flail of pain
              (11 damage)
             ... on level 3 of the Dungeon.
             The game lasted 00:05:34 (1732 turns).

nicolaieve the Chopper (Minotaur Berserker)         Turns: 1732, Time: 00:05:34

Health: -3/39      AC:  4    Str: 23    XL:     4   Next: 32%
Magic:  3/3        EV: 12    Int:  4    God:    Trog [**....]
Gold:   70         SH:  0    Dex:  9    Spells: 3/3 levels left

rFire    . . .     SeeInvis .   a - +0 hand axe
rCold    . . .     Gourm    .   (no shield)
rNeg     . . .     Faith    .   j - +0 leather armour
rPois    .         Spirit   .   (helmet restricted)
rElec    .         Reflect  .   r - +0 cloak
rCorr    .         Harm     .   (no gloves)
MR       .....                  (no boots)
Stlth    +.........             (no amulet)
HPRegen  0.13/turn              h - ring of wizardry
MPRegen  0.08/turn              (no ring)

@: berserk cooldown, slowed, very slow
A: retaliatory headbutt, horns 2
a: Berserk, Trog's Hand, Burn Spellbooks, Renounce Religion


You were on level 3 of the Dungeon.
You worshipped Trog.
Trog was pleased with you.
You were not hungry.

You visited 1 branch of the dungeon, and saw 3 of its levels.

You collected 70 gold pieces.

Inventory:

Hand Weapons
 a - a +0 hand axe (weapon)
 k - a +0 war axe
Armour
 b - a +0 animal skin
 j - a +0 leather armour (worn)
 r - a +0 cloak (worn)
Jewellery
 h - a ring of wizardry (left hand)
Wands
 l - a wand of enslavement (13)
Scrolls
 d - a scroll of amnesia {unknown}
 e - 3 scrolls of identify {unknown}
 i - a scroll of magic mapping {unknown}
 o - a scroll of remove curse {unknown}
Potions
 f - a potion of degeneration {unknown}
 g - 2 potions of brilliance {unknown}
 m - 2 potions of lignification {unknown}
 n - a potion of mutation {unknown}
 p - 2 potions of heal wounds {unknown}
 q - a potion of ambrosia {unknown}
 s - a potion of agility {unknown}
 u - a potion of haste {unknown}
Comestibles
 c - 4 rations
 t - a chunk of flesh


   Skills:
 - Level 3.6 Fighting
 + Level 6.3 Axes
 - Level 2.4 Armour
 - Level 2.1 Dodging


You had 3 spell levels left.
You didn't know any spells.

Dungeon Overview and Level Annotations

Branches:
Dungeon (3/15)

Altars:
Ashenzari
Dithmenos
Fedhas
Okawaru


Innate Abilities, Weirdness & Mutations

You reflexively headbutt those who attack you in melee.
You have a pair of horns on your head.


Message History

You are exhausted.
You feel yourself slow down. The gnoll hits you with a club.
The gnoll hits you but does no damage.
Found a shattered altar of Ashenzari.
You hit the gnoll. You headbutt the gnoll.
The gnoll is moderately wounded.
You hit the gnoll. The gnoll hits you but does no damage.
The gnoll closely misses you. The gnoll hits you with a club.
You hit the gnoll.
The gnoll is heavily wounded.
You hit the gnoll.
The gnoll hits you with a flail of pain.
The gnoll hits you with a club!
* * * LOW HITPOINT WARNING * * *
You hit the gnoll. Your headbutt misses the gnoll.
The gnoll is almost dead.
You barely miss the gnoll. The gnoll hits you but does no damage.
The gnoll barely misses you.
The gnoll hits you with a flail of pain!
You die...

#(..###.........#
.....##.###.....#
......#.# #.....#
........###.....###
...................
........###.....###
.....(#.####..#.## #
.....##.......)..#_#
#...#########.##@8.#
##+# #.##gg......
#.# #.##........
##.########
#.###8.#.#.#
.#......... ..#
#_### # ....#####
### ## ........#
....###.# .#..#


You could see 2 gnolls.

Vanquished Creatures
  An adder (D:3)
  4 gnolls
  A dart slug (D:1)
  An orc (D:2)
  7 bats
  3 giant cockroaches (D:1)
  6 goblins
  2 hobgoblins
  2 quokkas (D:3)
  2 frilled lizards (D:1)
  6 kobolds
  7 rats
42 creatures vanquished.

Notes
Turn   | Place    | Note
-------+----------+-------------------------------------------
     0 | D:1      | nicolaieve the Minotaur Berserker began the quest for the Orb.
     0 | D:1      | Reached XP level 1. HP: 19/19 MP: 0/0
   160 | D:1      | Reached skill level 4 in Axes
   306 | D:1      | Reached XP level 2. HP: 26/26 MP: 1/1
   862 | D:2      | Found a shadowy altar of Dithmenos.
  1135 | D:2      | Found an iron altar of Okawaru.
  1137 | D:2      | Reached skill level 5 in Axes
  1137 | D:2      | Reached XP level 3. HP: 31/31 MP: 2/2
  1364 | D:3      | Reached ** piety under Trog
  1672 | D:3      | Reached skill level 6 in Axes
  1672 | D:3      | Reached XP level 4. HP: 20/39 MP: 3/3
  1727 | D:3      | Found a blossoming altar of Fedhas.
  1729 | D:3      | Found a shattered altar of Ashenzari.
  1732 | D:3      | Slain by a gnoll

Skill      XL: |  1  2  3 |
---------------+----------+-----
Axes           | 4 5 6 |  6.3
Fighting       | |  3.6
Armour         | |  2.4
Dodging        | |  2.1

Action                   |  1- 3 |  4- 6 || total
-------------------------+-------+-------++-------
Melee: Hand axe          |    73 |    13 ||    86
       Headbutt          |    13 |     1 ||    14
Invok: Berserk           |     3 |     1 ||     4
  Eat: Chunk             |     4 |       ||     4
       Ration            |     1 |       ||     1
Armor: Animal skin       |     1 |       ||     1
       Leather armour    |    13 |     2 ||    15
Dodge: Dodged            |    56 |     6 ||    62
